 Dungeon Crawl Stone Soup version 0.26-a0-663-g36e8fdb655 (webtiles) character file.

Game seed: 13479395876079156294

524 DogServant the Chiller (level 7, 0/59 HPs)
             Began as a Ghoul Ice Elementalist on Oct 11, 2020.
             Was a Follower of Okawaru.
             Slain by Sigmund
             ... wielding a +0 scythe
              (12 damage)
             ... on level 6 of the Dungeon.
             The game lasted 00:07:58 (4468 turns).

DogServant the Chiller (Ghoul Ice Elementalist)     Turns: 4468, Time: 00:07:58

Health: 0/59       AC:  8    Str: 12    XL:     7   Next: 22%
Magic:  0/9        EV: 11    Int: 16    God:    Okawaru [*.....]
Gold:   299        SH:  0    Dex: 11    Spells: 3/10 levels left

rFire    . . .     SeeInvis .     - Unarmed
rCold    + . .     Faith    .   (no shield)
rNeg     + + +     Spirit   .   t - +0 leather armour
rPois    ∞         Reflect  .   n - +1 hat
rElec    .         Harm     .   (no cloak)
rCorr    .         Rampage  .   (no gloves)
MR       .....                  (no boots)
Stlth    ++........             (no amulet)
HPRegen  0.00/turn              c - +6 ring of intelligence
MPRegen  0.11/turn              (no ring)

@: icy armour, frozen ramparts
A: rotting body, claws 1, cold resistance 1, negative energy resistance 3,
inhibited regeneration, torment resistance, unbreathing
a: Heroism, Renounce Religion


You were on level 6 of the Dungeon.
You worshipped Okawaru.
Okawaru was aware of your devotion.
You visited 1 branch of the dungeon, and saw 6 of its levels.

You collected 299 gold pieces.

Inventory:

Armour
 a - a +0 robe
 f - a +0 buckler
 n - a +1 hat (worn)
 t - a +0 leather armour (worn)
Jewellery
 c - a +6 ring of intelligence (left claw)
Wands
 i - a wand of enslavement (4)
 q - a wand of random effects (15)
 u - a wand of digging (6)
Scrolls
 d - a scroll of enchant weapon {unknown}
 g - 2 scrolls of remove curse
 k - a scroll of enchant armour {unknown}
 l - a scroll of noise {unknown}
 o - 2 scrolls of blinking {unknown}
 x - a scroll of teleportation
Potions
 b - a potion of lignification {unknown}
 e - 2 potions of heal wounds {unknown}
 h - 2 potions of haste {unknown}
 j - a potion of brilliance {unknown}
 m - 2 potions of flight {unknown}
 p - 2 potions of mutation {unknown}
 r - 2 potions of cancellation {unknown}
 s - 2 potions of curing {unknown}
 v - a potion of stabbing {unknown}
 w - a potion of degeneration {unknown}


   Skills:
 - Level 4.0 Fighting
 - Level 1.7 Dodging
 - Level 2.1 Stealth
 + Level 0.6 Shields
 + Level 4.9 Unarmed Combat
 - Level 2.0 Spellcasting
 - Level 6.0 Ice Magic
 + Level 1.0 Invocations


You had 3 spell levels left.
You knew the following spells:

 Your Spells              Type           Power        Failure   Level
a - Freeze                Ice            ###.         2%          1
b - Frozen Ramparts       Ice            ###...       7%          3
c - Ozocubu's Armour      Ice            ###.....     7%          3

Your spell library contained the following spells:

 Spells                   Type           Power        Failure   Level
 Hailstorm                Conj/Ice       ##......     58%         4
 Summon Ice Beast         Ice/Summ       ##......     58%         4


Dungeon Overview and Level Annotations

Branches:
Dungeon (6/15)
 Temple: D:4-7

Altars:
Okawaru

Shops:
D:4 }

Annotations:
D:4 3 runed translucent doors, tensugalgo's ghost, weakling TrDe; zordking's ghost, amateur OpTm
D:5 Grinder
D:6 Sigmund


Innate Abilities, Weirdness & Mutations

Your body is rotting away.
You thrive by killing the living.
You are immune to poison.
You have sharp fingernails.
Your flesh is cold resistant. (rC+)
You are immune to negative energy. (rN+++)
You do not regenerate when monsters are visible.
You are immune to unholy pain and torment.
You can survive without breathing.


Message History

You miss something.
Casting: Frozen Ramparts (dangerous; 7% risk of failure)
Confirm with . or Enter, or press ? or * to list all spells.
A film of ice covers your body!
The wall freezes something.
Something hits you!
You closely miss something. Your claw misses something.
The wall freezes something.
Something hits you!
* * * LOW HITPOINT WARNING * * *
You closely miss something. You miss something.
The wall freezes something.
You hear some strange, mumbled words.
Something tries to affect you, but you resist.
Casting: Ozocubu's Armour (dangerous; 7% risk of failure)
Confirm with . or Enter, or press ? or * to list all spells.
You can't see any susceptible monsters within range! (Use Z to cast anyway.) Unknown command.
Casting: Ozocubu's Armour (dangerous; 7% risk of failure)
Confirm with . or Enter, or press ? or * to list all spells.
Press: ? - help, Shift-Dir - straight line You freeze something.
The wall freezes something.
Something hits you!
You die...

#.# #.# #.#
#.#### #....#
####.# ######
#.# .....#
#####{# .....#
#...@.# .....#
#.##### .....#
#.# .....# #.#
.....# #.#
...##########.#
##.# #.......#
##.####.#######
........#


There were no monsters in sight!

Vanquished Creatures
  A sky beast (D:5)
  An orc warrior (D:4)
  An orc priest (D:4)
  A jelly (D:5)
  An iguana (D:4)
  3 worker ants
  An orc wizard (D:4)
  8 adders
  An adder zombie (D:5)
  2 worms
  3 dart slugs
  2 leopard geckos
  4 orcs
  3 ball pythons
  7 bats
  2 giant cockroaches
  3 hobgoblins
  5 jackals
  2 quokkas
  7 frilled lizards
  7 goblins
  5 kobolds
  A leopard gecko skeleton (D:4)
  A quokka zombie (D:6)
  4 rats
76 creatures vanquished.

Vanquished Creatures (others)
  6 withered plants (D:4)
6 creatures vanquished.

Grand Total: 82 creatures vanquished

Notes
Turn   | Place    | Note
-------+----------+-------------------------------------------
     0 | D:1      | DogServant the Ghoul Ice Elementalist began the quest for
                  | the Orb.
     0 | D:1      | Reached XP level 1. HP: 14/14 MP: 2/2
   322 | D:1      | Reached XP level 2. HP: 22/22 MP: 1/3
   364 | D:1      | Reached skill level 1 in Fighting
   384 | D:1      | Reached skill level 1 in Unarmed Combat
  1143 | D:2      | Reached XP level 3. HP: 27/28 MP: 1/4
  1198 | D:2      | Learned a level 3 spell: Frozen Ramparts
  1280 | D:2      | Found a faded altar of an unknown god.
  2136 | D:3      | Reached XP level 4. HP: 36/36 MP: 4/6
  2169 | D:3      | Reached skill level 5 in Ice Magic
  2855 | D:3      | Found an iron altar of Okawaru.
  2916 | D:3      | Became a worshipper of Warmaster Okawaru
  3089 | D:4      | Reached XP level 5. HP: 39/42 MP: 7/7
  3112 | D:4      | Noticed an orc warrior
  3132 | D:4      | Killed an orc warrior
  3132 | D:4      | Reached XP level 6. HP: 51/51 MP: 4/8
  3199 | D:4      | Found Fisaevo's Gadget Shoppe.
  3334 | D:4      | Found a runed translucent gate.
  3335 | D:4      | Found a runed translucent gate.
  3394 | D:4      | Found a runed translucent gate.
  3395 | D:4      | Noticed zordking's ghost (amateur OpTm)
  3395 | D:4      | Noticed tensugalgo's ghost (weakling TrDe)
  3614 | D:4      | Reached skill level 6 in Ice Magic
  3621 | D:4      | Learned a level 3 spell: Ozocubu's Armour
  3729 | D:5      | Entered Level 5 of the Dungeon
  3758 | D:5      | Noticed a sky beast
  3786 | D:5      | Killed a sky beast
  3786 | D:5      | Reached XP level 7. HP: 6/59 MP: 3/9
  3792 | D:5      | Reached * piety under Okawaru
  4187 | D:5      | Noticed Grinder
  4190 | D:5      | Paralysed by Grinder for 6 turns
  4203 | D:5      | Paralysed by Grinder for 2 turns
  4210 | D:5      | Paralysed by Grinder for 7 turns
  4397 | D:6      | Reached skill level 1 in Invocations
  4447 | D:6      | Noticed Sigmund
  4468 | D:6      | Slain by Sigmund

Illustrated notes

Levels and vault maps discovered:
D:1:      psy_arrival_basics, layout_loops_ring, minmay_heptomino_l4
D:2:      layout_basic, chequers_ecumenical_altar_grove,
          chequers_decorated_corner
D:3:      layout_basic, okawaru_gym_becter, nicolae_underground_beach
D:4:      layout_rooms, serial_shops, nicolae_shop_competitors_out_of_business,
          gammafunk_ghost_cemetery
D:5:      layout_cave_pools, uniq_grinder
D:6:      layout_basic, uniq_sigmund, uniq_prince_ribbit1

Skill      XL: |  1  2  3  4  5  6  7 |
---------------+----------------------+-----
Fighting       | 1 2 3 4 |  4.0
Unarmed Combat | 1 2 3 4 |  4.9
Spellcasting   | 2 |  2.0
Ice Magic      | 5 6 |  6.0
Invocations    | 1 |  1.0
Dodging        | |  1.7
Stealth        | |  2.1
Shields        | |  0.6

Action                   |  1- 3 |  4- 6 |  7- 9 || total
-------------------------+-------+-------+-------++-------
Melee: Unarmed           |    85 |    39 |    19 ||   143
 Cast: Freeze            |    28 |    12 |     1 ||    41
       Frozen Ramparts   |       |    12 |     5 ||    17
       Ozocubu's Armour  |       |       |     2 ||     2
  Use: Scroll            |     5 |       |       ||     5
 Stab: Sleeping          |     4 |     1 |       ||     5
Armor: Robe              |    22 |     4 |       ||    26
       Leather armour    |       |     2 |     4 ||     6
Dodge: Dodged            |    74 |    26 |     9 ||   109

Table legend: (Time is in decaauts)
 A = Elapsed time spent in this place.
 B = Non-inter-level travel time spent in this place.
 C = Inter-level travel time spent in this place.
 D = Time resting spent in this place.
 E = Time spent auto-exploring this place.
 F = Levels seen in this place.
 G = Mean time per level.
                   A        B        C        D        E       F      G
               +--------+--------+--------+--------+--------+-----+--------+
         Total |   4460 |   4380 |     80 |    320 |   3368 |   6 |  743.3 |
       Dungeon |   4460 |   4380 |     80 |    320 |   3368 |   6 |  743.3 |
               +--------+--------+--------+--------+--------+-----+--------+

Top non-repeatable levels by time:
     D:1: 1126 daAuts
     D:2: 999 daAuts
     D:3: 950 daAuts
     D:4: 647 daAuts
     D:5: 508 daAuts
     D:6: 228 daAuts
